 Dungeon Sprint DCSS version 0.27-a0-103-g6cd7b45605 (webtiles) character file.

Game seed: 6176908060239075985

4407 mhtbhm the Eclecticist (level 10, -1/50 HPs)
             Began as a Deep Elf Earth Elementalist on Jan 23, 2021.
             Was the Champion of Vehumet.
             Slain by a tyrant leech (18 damage)
             ... in the Dungeon (Sprint IX: "|||||||||||||||||||||||||||||").
             The game lasted 00:03:46 (1830 turns).

mhtbhm the Eclecticist (DEEE)                       Turns: 1830, Time: 00:03:46

Health: -1/50      AC:  4    Str:  5    XL:     10   Next: 14%
Magic:  26/35      EV: 15    Int: 30    God:    Vehumet [******]
Gold:   0          SH:  0    Dex: 15    Spells: 32/47 levels left

rFire    . . .     SeeInvis .   l - +2 rapier (drain)
rCold    . . .     Faith    .   (no shield)
rNeg     . . .     Spirit   .   c - +0 robe
rPois    .         Reflect  .   m - +0 helmet
rElec    .         Harm     .   n - +0 cloak
rCorr    .         Rampage  .   (no gloves)
Will     +....     NoTele   +   (no boots)
Stlth    +++.......             (no amulet)
HPRegen  0.16/turn              o - +3 ring of intelligence
MPRegen  0.24/turn              p - +3 ring of intelligence

@: no status effects
A: no striking features
a: Renounce Religion


You were in the Dungeon.
You worshipped Vehumet.
Vehumet was exalted by your worship.
You visited 1 branch

Inventory:

Hand Weapons
 l - a +2 rapier of draining (weapon)
Missiles
 b - 31 stones
Armour
 c - a +0 robe (worn)
 m - a +0 helmet (worn)
 n - a +0 cloak (worn)
Jewellery
 o - a +3 ring of intelligence (left hand)
 p - a +3 ring of intelligence (right hand)
Wands
 k - a wand of iceblast (7)
Scrolls
 f - 3 scrolls of remove curse
 i - 2 scrolls of blinking
 j - 2 scrolls of amnesia
 s - 2 scrolls of fear
 t - a scroll of fog
 u - 4 scrolls of enchant weapon
 v - a scroll of identify
Potions
 a - a potion of invisibility
 d - 4 potions of curing
 e - 4 potions of heal wounds
 g - 3 potions of magic
 h - 2 potions of resistance
 q - a potion of berserk rage
 r - a potion of mutation


   Skills:
 - Level 0.2 Fighting
 + Level 5.8 Dodging
 - Level 5.0 Stealth
 + Level 19.0 Spellcasting
 + Level 2.3 Transmutations
 + Level 17.4 Earth Magic
 + Level 3.3 Evocations


You had 32 spell levels left.
You knew the following spells:

 Your Spells              Type           Power        Failure   Level
a - Sandblast             Erth           100%         0%          1
b - Passwall              Tmut/Erth      60%          1%          2
c - Stone Arrow           Conj/Erth      100%         1%          3
d - Lee's Rapid Deconstr  Erth           46%          1%          5
e - Petrify               Tmut/Erth      73%          1%          4

Your spell library contained the following spells:

 Spells                   Type           Power        Failure   Level
 Olgreb's Toxic Radiance  Pois           28%          4%          4


Dungeon Overview and Level Annotations

Branches:
Dungeon (1/1)

Altars:
Cheibriados
Dithmenos
Elyvilon
Fedhas
Gozag
Hepliaklqana
Kikubaaqudgha
Makhleb
Nemelex Xobeh
Okawaru
Qazlal
Ru
Sif Muna
Trog
Uskayaw
Vehumet
Wu Jian
Xom
Yredelemnul
Zin
The Shining One
Beogh
Jiyva
Lugonu


Message History

You destroy the vampire mosquito!
Vehumet accepts your kill.
Vehumet offers you knowledge of Olgreb's Toxic Radiance.
You feel your power returning.
The blast of rock fragments hits the tyrant leech!!!
The tyrant leech is severely wounded.
The tyrant leech bites you!!
Ouch! That really hurt!
The tyrant leech draws strength from your injuries!
Your Spellcasting skill increases to level 19!
Casting: Lee's Rapid Deconstruction (safe; 1% risk of failure)
Confirm with . or Enter, or press ? or * to list all spells.
Aiming: Lee's Rapid Deconstruction (safe; 1% risk of failure)
Press: ? - help, Dir - move target An open door to Lair:6.
The stone door frame shatters!
The blast of rock fragments hits the tyrant leech!!
The tyrant leech is almost dead.
The tyrant leech bites you!!
You die...

▓'▓.▓_▓
▓.▓.▓_▓
▓.▓.▓_▓
▓.▓.▓_▓
▓.▓.▓_▓
▓.▓.▓_▓
▓.▓.▓_▓
▓.▓.▓_▓
▓@▓.▓_▓
▓w▓.▓_▓
▓†▓.▓'▓
▓w▓.▓.▓
▓.▓.▓.▓
▓F▓.▓)▓
▓F▓.▓.▓
▓F▓.▓.▓
▓.▓.▓.▓


You could see 2 tyrant leeches, a cane toad, a blink frog and a bullfrog.

Vanquished Creatures
  An unseen horror (D)
  A manticore (D)
  2 elephants (D)
  3 cane toads (D)
  A komodo dragon (D)
  A dream sheep (D)
  2 yaks (D)
  A vampire mosquito (D)
  A water moccasin (D)
  3 wolves (D)
  2 ogres (D)
  2 big kobolds (D)
  7 bullfrogs (D)
  A scorpion (D)
  A worker ant (D)
  An adder (D)
  A white imp (D)
  3 leopard geckos (D)
  An orc (D)
  A bat zombie (D)
  A goblin (D)
  A bat (D)
  3 kobolds (D)
41 creatures vanquished.

Notes
Turn   | Place    | Note
-------+----------+-------------------------------------------
     0 | D        | mhtbhm the Deep Elf Earth Elementalist began the quest for
                  | the Orb.
     0 | D        | Reached XP level 1. HP: 10/10 MP: 6/6
    67 | D        | Noticed an ogre
    67 | D        | Noticed an ogre
    70 | D        | Reached skill level 4 in Spellcasting
    70 | D        | Reached skill level 5 in Earth Magic
    70 | D        | Reached XP level 2. HP: 9/15 MP: 6/9
    81 | D        | Killed an ogre
    82 | D        | Reached skill level 6 in Spellcasting
    82 | D        | Reached XP level 3. HP: 19/19 MP: 2/12
    82 | D        | Reached XP level 4. HP: 24/24 MP: 2/14
    90 | D        | Killed an ogre
    91 | D        | Reached skill level 8 in Spellcasting
    91 | D        | Reached XP level 5. HP: 28/28 MP: 12/17
   154 | D        | Found a roughly hewn altar of Beogh.
   154 | D        | Found a snail-covered altar of Cheibriados.
   154 | D        | Found a shadowy altar of Dithmenos.
   154 | D        | Found a white marble altar of Elyvilon.
   154 | D        | Found a blossoming altar of Fedhas.
   154 | D        | Found an opulent altar of Gozag.
   155 | D        | Found a hazy altar of Hepliaklqana.
   156 | D        | Found a viscous altar of Jiyva.
   157 | D        | Found an ancient bone altar of Kikubaaqudgha.
   158 | D        | Found a corrupted altar of Lugonu.
   159 | D        | Found a burning altar of Makhleb.
   160 | D        | Found a sparkling altar of Nemelex Xobeh.
   161 | D        | Found an iron altar of Okawaru.
   162 | D        | Found a stormy altar of Qazlal.
   163 | D        | Found a sacrificial altar of Ru.
   164 | D        | Found a shimmering blue altar of Sif Muna.
   165 | D        | Found a bloodstained altar of Trog.
   166 | D        | Found a hide-covered altar of Uskayaw.
   167 | D        | Found a radiant altar of Vehumet.
   168 | D        | Found an ornate altar of the Wu Jian Council.
   169 | D        | Found a shimmering altar of Xom.
   170 | D        | Found a basalt altar of Yredelemnul.
   171 | D        | Found a glowing silver altar of Zin.
   172 | D        | Found a glowing golden altar of the Shining One.
   175 | D        | Became a worshipper of Vehumet
   216 | D        | Reached skill level 10 in Earth Magic
   218 | D        | Reached * piety under Vehumet
   218 | D        | Offered knowledge of Magic Dart by Vehumet.
   221 | D        | Reached skill level 5 in Stealth
   221 | D        | Reached skill level 9 in Spellcasting
   221 | D        | Reached XP level 6. HP: 32/32 MP: 14/20
   223 | D        | Reached ** piety under Vehumet
   230 | D        | Learned a level 2 spell: Passwall
   234 | D        | Learned a level 3 spell: Stone Arrow
   240 | D        | Learned a level 5 spell: Lee's Rapid Deconstruction
   245 | D        | Learned a level 4 spell: Petrify
   260 | D        | Noticed a yak
   260 | D        | Noticed a manticore
   265 | D        | Killed a yak
   266 | D        | Reached skill level 10 in Spellcasting
   266 | D        | Reached skill level 1 in Evocations
   266 | D        | Killed a manticore
   267 | D        | Reached skill level 13 in Spellcasting
   267 | D        | Reached XP level 7. HP: 16/36 MP: 5/25
   270 | D        | HP: 2/54 [something (12)]
   271 | D        | Killed an unseen horror
   271 | D        | Reached *** piety under Vehumet
   272 | D        | Reached skill level 5 in Dodging
   272 | D        | Reached skill level 14 in Spellcasting
   272 | D        | Reached XP level 8. HP: 3/41 MP: 1/28
   278 | D        | HP: 2/61 [bullfrog (2)]
   708 | D        | Offered knowledge of Foxfire by Vehumet.
   708 | D        | Reached **** piety under Vehumet
   709 | D        | Reached skill level 15 in Spellcasting
   711 | D        | Reached skill level 15 in Earth Magic
   712 | D        | Reached XP level 9. HP: 45/45 MP: 20/30
   714 | D        | Reached ***** piety under Vehumet
   714 | D        | Noticed a cane toad
   716 | D        | Noticed a cane toad
   717 | D        | Reached skill level 16 in Spellcasting
   720 | D        | Killed a cane toad
   721 | D        | Killed a cane toad
   722 | D        | Reached skill level 17 in Spellcasting
   968 | D        | Noticed a cane toad
   968 | D        | Noticed a komodo dragon
   968 | D        | Noticed an elephant
   979 | D        | Killed a cane toad
   979 | D        | Offered knowledge of Frozen Ramparts by Vehumet.
  1271 | D        | Killed a komodo dragon
  1271 | D        | Offered knowledge of Conjure Flame by Vehumet.
  1278 | D        | Killed an elephant
  1279 | D        | Reached skill level 18 in Spellcasting
  1295 | D        | Reached ****** piety under Vehumet
  1297 | D        | Noticed an elephant
  1534 | D        | Killed an elephant
  1534 | D        | Offered knowledge of Iskenderun's Battlesphere by Vehumet.
  1535 | D        | Reached XP level 10. HP: 50/50 MP: 18/34
  1827 | D        | Noticed a cane toad
  1829 | D        | Offered knowledge of Olgreb's Toxic Radiance by Vehumet.
  1830 | D        | Reached skill level 19 in Spellcasting
  1830 | D        | Slain by a tyrant leech

Illustrated notes

Levels and vault maps discovered:
D:        linesprint [early_d, line_temple, items_1, d_10, items_2, lair_1,
          lair_end, items_3, orc_1, orc_end, items_4, d_15, swamp_1, shoals_1,
          snake_1, spider_1, d_20, vaults_1, items_5, swamp_end, shoals_end,
          snake_end, spider_end, vaults_end, d_27, items_6, zot_1, zot_end,
          crypt_end, forest_end, elf_end, slime_end, tomb_end, abyss_end,
          pan_hell_end]

Skill      XL: |  1  2  3  4  5  6  7  8  9 10 |
---------------+-------------------------------+-----
Earth Magic    | 5 8 9 10 13 14 15 17 | 17.4
Spellcasting   | 4 6 8 9 13 14 15 18 19 | 19.0
Dodging        | 3 4 5 |  5.8
Stealth        | 4 5 |  5.0
Evocations     | 2 3 |  3.3
Transmutations | 2 |  2.3
Fighting       | |  0.2

Action                   |  1- 3 |  4- 6 |  7- 9 | 10-12 || total
-------------------------+-------+-------+-------+-------++-------
Melee: Rapier            |       |     2 |    13 |       ||    15
 Cast: Sandblast         |    12 |    11 |       |       ||    23
       Lee's Rapid Decon |       |     3 |    22 |     3 ||    28
       Stone Arrow       |       |       |     2 |       ||     2
       Petrify           |       |       |     1 |       ||     1
Evoke: Wand              |       |     3 |       |       ||     3
  Use: Potion            |     2 |     1 |     2 |       ||     5
Armor: Robe              |       |     4 |     4 |       ||     8
Dodge: Dodged            |     4 |     5 |     6 |       ||    15

Table legend: (Time is in decaauts)
 A = Elapsed time spent in this place.
 B = Non-inter-level travel time spent in this place.
 C = Inter-level travel time spent in this place.
 D = Time resting spent in this place.
 E = Time spent auto-exploring this place.
 F = Levels seen in this place.
 G = Mean time per level.
                   A        B        C        D        E       F      G
               +--------+--------+--------+--------+--------+-----+--------+
         Total |   1822 |   1822 |      0 |   1424 |    124 |   1 | 1822.0 |
       Dungeon |   1822 |   1822 |      0 |   1424 |    124 |   1 | 1822.0 |
               +--------+--------+--------+--------+--------+-----+--------+

Top non-repeatable levels by time:
       D: 1822 daAuts
